 Dungeon Crawl Stone Soup version 0.31.0-12-g77e489cdc1 (webtiles) character file.

Game seed: 11684023839426401395

14721 112233 the Fighter (level 11, -11/92 HPs)
             Began as a Mummy Fighter on Feb 17, 2024.
             Was an Initiate of Gozag.
             Mangled by a catoblepas (24 damage)
             ... on level 13 of the Dungeon.
             The game lasted 00:14:39 (15258 turns).

112233 the Fighter (Mummy Fighter)                 Turns: 15258, Time: 00:14:40

Health: -11/92     AC: 11    Str: 20    XL:     11   Next: 92%
Magic:  11/11      EV: 10    Int: 14    God:    Gozag
Gold:   273        SH: 11    Dex: 15    Spells: 10/10 levels left

rFire   x . .        f - +5 long sword (freeze)
rCold   + . .        u - +0 kite shield
rNeg    + + +        b - +0 scale mail
rPois   ∞            (no helmet)
rElec   .            e - +0 cloak
rCorr   +            h - +0 pair of gloves
SInv    .            (no boots)
Will    +....        H - amulet of regeneration
Stlth   x              - ring of resist corrosion
HPRegen 1.15/turn    C - +6 ring of intelligence
MPRegen 0.12/turn

%: faith
@: about to teleport, gold aura
A: cold resistance 1, negative energy resistance 3, torment resistance 2, heat
vulnerability 1, in touch with death 1, no potions, faith
a: Renounce Religion, Potion Petition, Call Merchant, Bribe Branch


You were on level 13 of the Dungeon.
You worshipped Gozag.
Gozag was aware of your devotion.
You visited 2 branches of the dungeon, and saw 14 of its levels.

You collected 1570 gold pieces.
You paid 1297 gold pieces to Gozag.

Inventory:

Hand Weapons
 d - a +5 mace of chaos
 f - a +5 long sword of freezing (weapon)
 G - the +12 short sword of Festooned Innocence {pain, *Noise rElec Dex+5 SInv}
   (You found it on level 12 of the Dungeon)

   Dex+5:     It affects your dexterity (+5).
   rElec:     It insulates you from electricity.
   SInv:      It lets you see invisible.
   *Noise:    It may make a loud noise when swung.
Missiles
 v - a throwing net (quivered)
 D - 5 poisoned darts
Armour
 b - a +0 scale mail (worn)
 e - a +0 cloak (worn)
 h - a +0 pair of gloves (worn)
 u - a +0 kite shield (worn)
 A - an orb of energy
Jewellery
 i - a ring of ice
 x - a ring of resist corrosion (left hand)
 C - a +6 ring of intelligence (right hand)
 H - an amulet of regeneration (around neck)
Wands
 m - a wand of flame (36)
 J - a wand of charming (9)
 K - a wand of digging (6)
Scrolls
 g - a scroll of fear
 j - 2 scrolls of revelation
 n - a scroll of enchant armour
 o - 2 scrolls of noise
 p - a scroll of brand weapon
 q - 2 scrolls of teleportation
 r - a scroll of fog
 s - a scroll of amnesia {unknown}
 t - a scroll of immolation
 w - 2 scrolls of blinking
 y - 2 scrolls of vulnerability
 z - a scroll of poison
 B - a scroll of acquirement {unknown}
 F - 2 scrolls of identify


   Skills:
 + Level 10.3 Fighting
 + Level 7.0 Long Blades
 + Level 8.6 Armour
 * Level 4.3 Dodging
 + Level 8.6 Shields


You had 10 spell levels left.
You didn't know any spells.
Your spell library contained the following spells:

 Spells                   Type           Power      Damage    Failure   Level
 Magic Dart               Conj           0%         1d3       82%         1
 Slow                     Hex            0%         N/A       82%         1
 Jinxbite                 Hex            0%         N/A       91%         2
 Searing Ray              Conj           0%         2d4       91%         2
 Static Discharge         Conj/Air       0%         3-3/arc   91%         2
 Confusing Touch          Hex            0%         N/A       99%         3
 Sigil of Binding         Hex            0%         N/A       99%         3
 Vampiric Draining        Necr           0%         2d6       99%         3
 Airstrike                Air            0%         2d(0-16)  100%        4
 Fulminant Prism          Conj/Alch      0%         3d5       100%        4
 Ignite Poison            Fire/Alch      0%         N/A       100%        4
 Sticky Flame             Fire/Alch      0%         2d4       100%        4
 Summon Lightning Spire   Summ/Air       0%         N/A       100%        4
 Yara's Violent Unravell  Hex/Alch       0%         3d3       100%        5
 Enfeeble                 Hex            0%         N/A       100%        7
 Ignition                 Fire           0%         3d3       100%        8


Dungeon Overview and Level Annotations

Branches:
Dungeon (13/15)            Temple (1/1) D:4            Lair (0/5) D:8
    Orc (0/2) D:9
 Vaults: D:13-14

Altars:
Ashenzari
Cheibriados
Dithmenos
Fedhas
Gozag
Hepliaklqana
Kikubaaqudgha
Makhleb
Nemelex Xobeh
Okawaru
Qazlal
Ru
Sif Muna
Trog
Uskayaw
Vehumet
Wu Jian
Xom
Yredelemnul

Shops:
D:2 ?   D:7 *   D:8 !

Annotations:
D:6 3 runed translucent doors, mursu's ghost, novice DgFi
D:7 exclusion: downstairs
D:8 exclusion: upstairs, Erica


Innate Abilities, Weirdness & Mutations

You are immune to poison.
Your flesh is cold resistant. (rC+)
You are immune to negative energy. (rN+++)
You are immune to unholy pain and torment.
You are vulnerable to heat. (rF-)
You are in touch with the powers of death.
You do not drink.
You have a special connection with the divine. (Faith)


Message History

The blast of calcifying dust hits you but does no damage.
Unknown command.
The catoblepas attacks as it pursues you!
The catoblepas gores you but does no damage.
You can't drink.
Unknown command.
The helpless cyclops fails to defend itself.
You slash the cyclops! You freeze the cyclops.
The cyclops is severely wounded.
The catoblepas gores you but does no damage.
The helpless cyclops fails to defend itself.
You hit the cyclops.
The cyclops is severely wounded.
You block the catoblepas's attack.
Unknown command.
The helpless cyclops fails to defend itself.
You hit the cyclops. You freeze the cyclops.
The cyclops is severely wounded.
The cyclops is no longer petrified.
The catoblepas gores you but does no damage.
You block the cyclops's attack.
You slash the cyclops! You freeze the cyclops.
The cyclops is almost dead.
You block the catoblepas's attack. The cyclops hits you.
You hit the cyclops. You freeze the cyclops.
You kill the cyclops!
The catoblepas gores you!
* * * LOW HITPOINT WARNING * * *
Unknown command.
You can't drink.
Unknown command.
As you read the scroll of teleportation, it crumbles to dust.
You feel strangely unstable.
The catoblepas breathes a plume of calcifying dust at you.
The blast of calcifying dust hits you.
* * * LOW HITPOINT WARNING * * *
Unknown command.
The catoblepas gores you!!
You die...
Your body crumbles into a pile of gold.

...<..# #..
#..##........
......#
#..##........
......#
#..##..##....
......# #..#
..# ...
......# #..#
......# #..#
.......
..#####..#
........
.......$Y#
.......@§#
........§....#
.#####..§....#
#..§.......
#..§.......
#..§...####
#..§...#
#......#


You could see a catoblepas.

Vanquished Creatures
  A catoblepas (D:12)
  A centaur warrior (D:12)
  2 two-headed ogres
  A boulder beetle (D:12)
  Pikel (D:6)
  An ugly thing (D:12)
  A manticore (D:11)
  3 cyclopes
  4 unseen horrors
  2 trolls
  A wind drake (shapeshifter) (D:12)
  Prince Ribbit (D:7)
  A vampire (D:11)
  A shadow (D:11)
  A wyvern (D:8)
  2 wraiths (D:12)
  2 yaks
  2 steam dragons
  A basilisk (D:8)
  A vampire mosquito (D:11)
  3 acid dragons
  2 ice beasts (D:6)
  A swamp drake (D:8)
  2 orc warriors
  3 sky beasts
  2 black bears (D:8)
  11 centaurs
  4 lemures
  An ogre (D:4)
  2 kobold brigands
  3 gnoll sergeants
  2 scorpions (D:5)
  23 wights
  5 howler monkeys
  2 bombardier beetles
  A gnoll bouda (D:8)
  4 hounds
  2 orc priests
  4 iguanas
  12 orc wizards
  Robin (D:2)
  20 gnolls
  6 adders
  A white imp (D:6)
  2 ufetubi (D:5)
  5 dart slugs
  2 ribbon worms
  39 orcs
  15 bats
  4 endoplasms
  8 giant cockroaches
  20 goblins
  11 hobgoblins
  8 jackals
  15 kobolds
  2 quokkas (D:1)
  5 ball pythons
  8 frilled lizards
  8 rats
299 creatures vanquished.

Vanquished Creatures (collateral kills)
  A two-headed ogre (D:8)
  A human (shapeshifter) (D:13)
  A bullfrog (D:8)
  3 wights
  3 orcs (D:9)
9 creatures vanquished.

Grand Total: 308 creatures vanquished

Notes
Turn   | Place    | Note
-------+----------+-------------------------------------------
     0 | D:1      | 112233 the Mummy Fighter began the quest for the Orb.
     0 | D:1      | Reached XP level 1. HP: 18/18 MP: 1/1
   228 | D:1      | Reached XP level 2. HP: 20/24 MP: 2/2
   986 | D:1      | Reached XP level 3. HP: 29/29 MP: 3/3
  1122 | D:2      | Noticed Robin
  1140 | D:2      | Killed Robin
  1167 | D:2      | Reached XP level 4. HP: 20/37 MP: 4/4
  1500 | D:2      | Found Ziherev's Magic Scroll Emporium.
  1966 | D:3      | Reached skill level 4 in Fighting
  2217 | D:3      | Reached XP level 5. HP: 42/42 MP: 5/5
  2672 | D:4      | You fall into a shaft and drop 3 floors!
  2700 | D:7      | Noticed a lemure
  2708 | D:7      | Noticed a lemure
  2710 | D:7      | Noticed Pikel
  2710 | D:7      | Noticed a lemure
  2714 | D:8      | Found Mur Xuer's Distillery.
  2750 | D:8      | Reached XP level 6. HP: 9/49 MP: 6/6
  2948 | D:8      | a jelly changed into a swamp drake
  2948 | D:8      | Noticed a swamp drake
  2955 | D:8      | Killed a swamp drake
  2956 | D:8      | Reached skill level 5 in Fighting
  3290 | D:8      | Noticed a wyvern
  3290 | D:8      | Noticed a basilisk
  3298 | D:8      | Noticed a yak
  3300 | D:8      | Killed a wyvern
  3301 | D:8      | Reached XP level 7. HP: 51/56 MP: 7/7
  3315 | D:8      | Killed a yak
  3518 | D:8      | Killed a basilisk
  3519 | D:8      | Reached skill level 6 in Fighting
  3519 | D:8      | Reached skill level 5 in Armour
  3735 | D:8      | Found a staircase to the Lair.
  3758 | D:8      | Reached skill level 5 in Shields
  3758 | D:8      | Reached XP level 8. HP: 36/64 MP: 8/8
  4256 | D:8      | Found a blossoming altar of Fedhas.
  4704 | D:8      | Noticed a two-headed ogre
  4712 | D:8      | Killed a two-headed ogre
  4713 | D:8      | Reached skill level 7 in Fighting
  4713 | D:8      | Reached XP level 9. HP: 40/72 MP: 9/9
  5059 | D:8      | Noticed Erica
  5078 | D:5      | Entered Level 5 of the Dungeon
  5088 | D:6      | Found a runed translucent gate.
  5088 | D:6      | Found a runed translucent gate.
  5088 | D:6      | Found a runed translucent gate.
  5469 | D:6      | Found a glowing drain.
  5818 | D:6      | Noticed mursu's ghost (novice DgFi)
  6103 | D:6      | Reached skill level 8 in Fighting
  6955 | D:4      | Found a shimmering blue altar of Sif Muna.
  7072 | D:4      | Found a sacrificial altar of Ru.
  7245 | D:4      | Found a staircase to the Ecumenical Temple.
  7250 | Temple   | Entered the Ecumenical Temple
  7320 | Temple   | Became a worshipper of Gozag Ym Sagoz the Greedy
  8174 | D:6      | Killed Pikel
  8175 | D:6      | Reached XP level 10. HP: 39/82 MP: 10/10
  8644 | D:7      | Found Zin's Purification Station.
  8671 | D:7      | Noticed Prince Ribbit
  8681 | D:7      | Killed Prince Ribbit
  8682 | D:7      | Reached skill level 5 in Long Blades
  9495 | D:9      | Noticed a two-headed ogre
  9502 | D:9      | HP: 3/82 [two-headed ogre/+0 great mace (10)]
  9506 | D:9      | Killed a two-headed ogre
  9507 | D:9      | Reached skill level 9 in Fighting
  9759 | D:9      | Found a staircase to the Orcish Mines.
 10712 | D:10     | Entered Level 10 of the Dungeon
 11688 | D:11     | Noticed a manticore
 11701 | D:12     | Noticed a centaur warrior
 11716 | D:12     | Killed a centaur warrior
 11717 | D:12     | Reached XP level 11. HP: 67/89 MP: 11/11
 11945 | D:12     | Noticed a two-headed ogre
 11952 | D:12     | Killed a two-headed ogre
 11953 | D:12     | Reached skill level 1 in Dodging
 12013 | D:12     | Identified the +12 short sword of Festooned Innocence
                  | {pain, *Noise rElec Dex+5 SInv}
 13586 | D:11     | Reached skill level 10 in Fighting
 13961 | D:11     | Noticed a tengu warrior
 14079 | D:12     | Noticed a green ugly thing
 14109 | D:12     | Killed a green ugly thing
 14138 | D:12     | Noticed a boulder beetle
 14397 | D:12     | Killed a boulder beetle
 14698 | D:13     | Noticed a catoblepas
 14850 | D:12     | Killed a catoblepas
 15019 | D:13     | a cane toad changed into an entropy weaver
 15019 | D:13     | Noticed an entropy weaver (shapeshifter)
 15024 | D:13     | HP: 3/91 [entropy weaver (shapeshifter) (4)]
 15024 | D:13     | HP: 1/91 [entropy weaver (shapeshifter) (2)]
 15025 | D:13     | an entropy weaver changed into a human
 15235 | D:13     | Noticed a catoblepas
 15258 | D:13     | Mangled by a catoblepas

Illustrated notes

Levels and vault maps discovered:
D:1:      orjb1_lava_funnel, layout_rooms, serial_co_window_serial,
          co_window_corner_a, co_window_of_opportunity_a,
          co_window_of_opportunity_a, co_window_paths_b, co_window_paths_a,
          co_window_paths_b, co_window_broadway_b, co_window_broadway_a,
          co_window_broadway_c, co_window_corner_b, co_window_paths_c,
          co_window_broadway_b, co_window_corner_ca, glass_columns_b
D:2:      layout_rooms, serial_shops, shop, chequers_serial_rivers_small_b,
          st_stairs_3, uniq_robin
D:3:      layout_rooms, kennysheep_generic_room_11
D:4:      layout_rooms, nicolae_ru_path_of_blood, jmf_multi_god_temple2,
          temple_doors_ab
D:5:      layout_rooms
D:6:      layout_loops_ring, mainiacjoe_sewer_entry_somewhere_in_here_2,
          biasface_ghost_orc_armoury
D:7:      layout_gridville, zin_purify, uniq_prince_ribbit1, uniq_pikel
D:8:      layout_basic, fedhas_bush_and_centaur_altar, david_lair_generic,
          serial_shops, shop_fountains, roderic_batcave, uniq_erica
D:9:      layout_cave_pools, david_orc_2, chequers_serial_rivers_micro_b
D:10:     layout_layer_cave
D:11:     minmay_chambers_of_sixes, layout_long_grid, minmay_joined_circles,
          uniq_josephine
D:12:     layout_irregular_city
D:13:     layout_long_grid, lemuel_zombie_altar_yredelemnul
Temple:   minmay_temple_bridge_d

Skill      XL: |  1  2  3  4  5  6  7  8  9 10 11 |
---------------+----------------------------------+-----
Armour         | 3 4 5 6 7 8 |  8.6
Shields        | 3 4 5 6 7 8 |  8.6
Fighting       | 4 5 6 7 8 9 10 | 10.3
Long Blades    | 3 4 6 7 |  7.0
Dodging        | 4 |  4.3

Action                     |  1- 3 |  4- 6 |  7- 9 | 10-12 || total
---------------------------+-------+-------+-------+-------++-------
  Melee: Mace              |   111 |   136 |    19 |       ||   266
         Long sword        |     5 |       |   400 |   237 ||   642
         Short sword       |       |       |       |   253 ||   253
 Invoke: Potion Petition   |       |       |       |     3 ||     3
  Evoke: Wand              |       |       |       |    18 ||    18
    Use: Scroll            |       |     8 |     2 |    13 ||    23
   Stab: Petrified         |       |       |       |     7 ||     7
 Armour: Scale mail        |    84 |   121 |   380 |   478 ||  1063
  Dodge: Dodged            |    52 |    80 |   194 |   181 ||   507
  Block: Buckler           |    30 |    26 |    74 |       ||   130
         Kite shield       |       |       |   109 |   307 ||   416
